 Dungeon Crawl Stone Soup version 0.19-a0-1902-g8424084 (webtiles) character file.

1390 PurpleRed the Cleaver (level 8, -3/74 HPs)
             Began as a Minotaur Fighter on Oct 20, 2016.
             Slain by a black bear (7 damage)
             ... on level 6 of the Dungeon.
             The game lasted 00:06:28 (3846 turns).

PurpleRed the Cleaver (Minotaur Fighter)            Turns: 3846, Time: 00:06:28

Health: -3/74      AC: 10    Str: 22    XL:     8   Next: 40%
Magic:  7/7        EV:  5    Int:  5    God:
Gold:   255        SH:  9    Dex: 11    Spells: 0 memorised, 7 levels left

rFire  . . .     SeeInvis .     a - +1 war axe
rCold  . . .     Gourm    .     x - +1 chain mail
rNeg   . . .     Faith    .     c - +0 shield
rPois  +         Spirit   .     (helmet restricted)
rElec  .         Reflect  .     (no cloak)
rCorr  .         Harm     .     (no gloves)
MR     .....                    (no boots)
Stlth  ..........               (no amulet)
                                (no ring)
                                o - ring of poison resistance

@: no status effects
A: retaliatory headbutt, horns 2
a: no special abilities


You were on level 6 of the Dungeon.
You were near starving.

You visited 2 branches of the dungeon, and saw 7 of its levels.

You collected 255 gold pieces.

Inventory:

Hand Weapons
 a - a +1 war axe (weapon)
 v - a +2 mace of distortion
Armour
 c - a +0 shield (worn)
 x - a +1 chain mail (worn)
Jewellery
 o - a ring of poison resistance (left hand)
 w - an uncursed ring of fire
Wands
 m - a wand of confusion (19/48)
 u - a wand of iceblast (12/15)
Scrolls
 b - a scroll of enchant armour
 j - a scroll of amnesia
 l - 5 scrolls of teleportation
Potions
 d - a potion of might
 h - a potion of invisibility
 i - a potion of curing
 n - a potion of heal wounds {unknown}
 p - a potion of ambrosia {unknown}
Books
 k - a book of Necromancy

   Spells                             Type                      Level
   a - Pain                           Necromancy                   1
   b - Animate Skeleton               Necromancy                   1
   c - Vampiric Draining              Necromancy                   3
   d - Regeneration                   Charms/Necromancy            3
   e - Animate Dead                   Necromancy                   4
   f - Control Undead                 Necromancy                   4
Comestibles
 f - 6 bread rations
 g - a slice of pizza
 s - a beef jerky


   Skills:
 + Level 8.0 Fighting
 * Level 10.3 Axes
 - Level 3.6 Armour
 - Level 3.6 Shields


You had 7 spell levels left.
You didn't know any spells.

Dungeon Overview and Level Annotations

Branches:
Dungeon (6/15)             Temple (1/1) D:4

Altars:
Ashenzari
Cheibriados
Dithmenos
Elyvilon
Gozag
Hepliaklqana
Nemelex Xobeh
Okawaru
Qazlal
Ru
Sif Muna
Trog
Uskayaw
Vehumet
Xom
Yredelemnul
Zin


Innate Abilities, Weirdness & Mutations

You reflexively headbutt those who attack you in melee.
You have a pair of horns on your head.


Message History

* * * LOW HITPOINT WARNING * * *
The black bear claws you but does no damage.
The black bear barely misses you. You furiously retaliate!
You headbutt the black bear.
The black bear claws you but does no damage.
The black bear closely misses you.
The black bear bites you but does no damage.
The black bear claws you but does no damage.
The black bear claws you.
* * * LOW HITPOINT WARNING * * *
Things that are here:
a trident; a ring mail Evoke which item? (* to show all) (? for menu, Esc to quit)
Zapping:
m - a wand of confusion (will waste charges)
Press: ? - help, Shift-Dir - straight line, f - black bear
Aim: a black bear (almost dead, berserk, fast, unusually strong, chance to defeat MR: 46%)
The black bear resists with some effort.
Evoking this partially-identified wand wasted a few charges.
The black bear bites you!
You die...

####### ......
#....# ...
#....# .....
+....# .. .....
#....#... .....
#hh......
....####@...#...
#........[#
#.........#
+..?......###
#_...........
#.........#..
##.........#.##
#..........#.#
#..........#.#


You could see 2 black bears.

Vanquished Creatures
  Grinder (D:4)
  An orc warrior (D:5)
  2 phantoms (D:5)
  An ice beast (D:6)
  The ghost of Ultraviolent4 the Shield-Bearer, an amateur FoFi (D:3)
  A necrophage (D:5)
  2 ogres
  A crimson imp (D:5)
  2 jellies
  A quasit (D:5)
  An orc priest (D:3)
  A hound (D:4)
  4 orc wizards
  2 worker ants
  A worker ant zombie (D:6)
  4 gnolls (D:6)
  3 adders
  A shadow imp (D:6)
  An ooze (D:4)
  3 worms (D:2)
  A dart slug (D:1)
  3 leopard geckos
  10 orcs
  A giant cockroach (D:2)
  4 goblins
  5 hobgoblins
  3 jackals (D:2)
  A quokka (D:3)
  5 bats
  2 frilled lizards (D:2)
  7 kobolds
  6 rats
82 creatures vanquished.

Notes
Turn   | Place    | Note
-------+----------+-------------------------------------------
     0 | D:1      | PurpleRed the Minotaur Fighter began the quest for the Orb.
     0 | D:1      | Reached XP level 1. HP: 19/19 MP: 0/0
    52 | D:1      | Reached skill level 3 in Axes
   129 | D:1      | Reached XP level 2. HP: 25/27 MP: 1/1
   275 | D:2      | Found a white marble altar of Elyvilon.
   520 | D:2      | Reached skill level 4 in Axes
   520 | D:2      | Reached XP level 3. HP: 29/33 MP: 2/2
   585 | D:2      | Found a snail-covered altar of Cheibriados.
   860 | D:3      | Reached skill level 5 in Axes
   860 | D:3      | Reached XP level 4. HP: 24/41 MP: 3/3
  1039 | D:3      | Noticed Ultraviolent4's ghost (amateur FoFi)
  1051 | D:3      | Killed Ultraviolent4's ghost
  1051 | D:3      | Reached skill level 5 in Fighting
  1051 | D:3      | Reached skill level 6 in Axes
  1051 | D:3      | Reached XP level 5. HP: 23/48 MP: 4/4
  1731 | D:4      | Reached XP level 6. HP: 44/56 MP: 5/5
  1756 | D:4      | Noticed Grinder
  1764 | D:4      | Paralysed by Grinder for 7 turns
  1776 | D:4      | Killed Grinder
  1776 | D:4      | Reached skill level 7 in Axes
  2010 | D:4      | Found a staircase to the Ecumenical Temple.
  2029 | Temple   | Entered the Ecumenical Temple
  2254 | D:5      | Entered Level 5 of the Dungeon
  2280 | D:5      | Reached XP level 7. HP: 43/63 MP: 6/6
  2325 | D:5      | Reached skill level 8 in Axes
  2473 | D:5      | Found an iron altar of Okawaru.
  2951 | D:5      | Reached skill level 9 in Axes
  3082 | D:5      | Reached XP level 8. HP: 14/73 MP: 7/7
  3408 | D:6      | Found a hazy altar of Hepliaklqana.
  3415 | D:6      | Reached skill level 10 in Axes
  3426 | D:6      | HP: 3/74 [gnoll/halberd (11)]
  3824 | D:6      | Found a glowing silver altar of Zin.
  3846 | D:6      | Slain by a black bear

Vault maps used:
D:1:      saegor_arrival_simple_a
D:2:      lemuel_doored_altar, elyvilon_altar_5, nicolae_overflow_crystal_walls,
          minmay_distorted
D:3:      first_bread
D:4:      uniq_grinder
D:5:      basic_altar
D:6:      kennysheep_mini_moat, old_standard_altar, overflow_temple_1_default,
          old_standard_altar, basic_altar, trog_ov_bears_minmay
Temple:   cyrus_circular_temple

Skill      XL: |  1  2  3  4  5  6  7  8 |
---------------+-------------------------+-----
Axes           | 3 4 5 6 7 9 10 | 10.3
Fighting       | 4 5 6 7 8 |  8.0
Armour         | |  3.6
Shields        | |  3.6

Action                   |  1- 3 |  4- 6 |  7- 9 || total
-------------------------+-------+-------+-------++-------
Melee: War axe           |    67 |    59 |   108 ||   234
       Headbutt          |    14 |    11 |    17 ||    42
Evoke: Wand              |       |       |     1 ||     1
  Use: Potion            |     1 |       |     4 ||     5
       Scroll            |       |     7 |     6 ||    13
  Eat: Chunk             |       |     2 |     4 ||     6
       Royal jelly       |       |     1 |       ||     1
Armor: Scale mail        |    20 |    17 |    28 ||    65
       Chain mail        |       |       |    33 ||    33
Dodge: Dodged            |    23 |    19 |    32 ||    74
Block: Shield            |    23 |    16 |    57 ||    96
